 Dungeon Sprint DCSS version 0.21-a0-265-gb353147 (webtiles) character file.

198 Kidiri the Thaumaturge (level 5, -5/28 HPs)
             Began as a Deep Elf Fire Elementalist on Sept 10, 2017.
             Was an Initiate of Vehumet.
             Slain by a fire elemental (9 damage)
             ... summoned by a deep elf mage
             ... in the Dungeon (Sprint III: "The Ten Rune Challenge").
             The game lasted 00:03:27 (368 turns).

Kidiri the Thaumaturge (Deep Elf Fire Elementalist)  Turns: 368, Time: 00:03:27

Health: -5/28      AC:  2    Str:  3    XL:     5   Next: 47%
Magic:  11/20      EV: 13    Int: 21    God:    Vehumet [......]
Gold:   40         SH:  0    Dex: 15    Spells: 7/25 levels left

rFire    . . .     SeeInvis .   l - +0 dagger
rCold    + . .     Gourm    .   (no shield)
rNeg     . . .     Faith    .   a - +0 robe
rPois    .         Spirit   .   (helmet restricted)
rElec    .         Reflect  .   (no cloak)
rCorr    .         Harm     .   (no gloves)
MR       .....     NoTele   +   (no boots)
Stlth    ++........             (no amulet)
HPRegen  0.09/turn              (no ring)
MPRegen  0.17/turn              (no ring)

@: very slightly contaminated
A: horns 2, cold resistance 1, weak 1
a: Renounce Religion


You were in the Dungeon.
You worshipped Vehumet.
Vehumet was noncommittal.
You were not hungry.

You visited 1 branch You collected 40 gold pieces.

Inventory:

Hand Weapons
 l - a +0 dagger (weapon)
Armour
 a - a +0 robe (worn)
Scrolls
 i - a scroll of blinking
 k - 2 scrolls of immolation
 p - 3 scrolls of remove curse
Potions
 d - a potion of curing
 e - a potion of heal wounds
 f - 3 potions of haste
 g - 2 potions of magic
 h - a potion of berserk rage
 o - 3 potions of flight
 q - 2 potions of lignification
Comestibles
 c - 2 bread rations
 j - 5 chunks of flesh
 n - a royal jelly


   Skills:
 - Level 2.4 Dodging
 - Level 2.4 Stealth
 * Level 10.7 Spellcasting
 + Level 6.4 Conjurations
 + Level 7.0 Fire Magic


You had 7 spell levels left.
You knew the following spells:

 Your Spells              Type           Power        Failure   Level  Hunger
a - Flame Tongue          Conj/Fire      #####        1%          1    None
b - Throw Flame           Conj/Fire      #####.       1%          2    None
c - Conjure Flame         Conj/Fire      #####...     1%          3    None
d - Inner Flame           Hex/Fire       ####....     4%          3    None
e - Sticky Flame          Conj/Fire      #####...     3%          4    ##.....
f - Fireball              Conj/Fire      #####.....   11%         5    ####...


Dungeon Overview and Level Annotations

Branches:
Dungeon (1/1)

Altars:
Elyvilon
Kikubaaqudgha
Sif Muna
Vehumet
Zin
The Shining One


Innate Abilities, Weirdness & Mutations

You have a pair of horns on your head.
Your flesh is cold resistant. (rC+)
You are weak. (Str -2)


Message History

The deep elf mage blinks!
The fire elemental hits you. The fire elemental burns you!
Ouch! That really hurt!
The deep elf mage burns!
The deep elf mage mumbles some strange words.
There is an open door here.
Casting: Sticky Flame
Confirm with . or Enter, or press ? or * to list all spells.
Aiming: Fireball
Press: ? - help, Shift-Dir - straight line, f/p - deep elf mage
Aim: a deep elf mage, wielding a long sword of holy wrath (heavily wounded, covered in liquid flames)
You miscast Fireball.
You are very lightly contaminated with residual magic.
Wisps of smoke drift from your hands.
The deep elf mage burns!
The fire elemental hits you. The fire elemental burns you!
* * * LOW HITPOINT WARNING * * *
The deep elf mage casts a spell at you. The bolt of fire misses you.
The fire elemental hits you. The fire elemental burns you!
You die...

▓▓▓▓▓▓ ▓▓▓ .+...♣♣
♣.##### .#....♣ ♣♣.#§E§#
##....♣♣ ♣..#eEE#
.#....≈♣♣♣♣..###@#+###+
.#...≈≈......#..........
.#..≈≈≈≈.♣.♣.'.⌠........
'#%.≈≈≈≈≈≈...#...######+
.#.≈≈≈≈≈≈....#.⌠.#
.#.≈≈≈≈≈.....#...#
.#.≈≈≈.......#+###
##...........#):.#
.............#___#


You could see a deep elf mage (burning) and 3 fire elementals.

Vanquished Creatures
  A water elemental (D)
  A scorpion (D)
  A wizard (D)
  Jessica (D)
  A human (D)
  A kobold demonologist (D)
  An ooze (D)
  A rat (D)
8 creatures vanquished.

Vanquished Creatures (others)
  2 draconian scorchers (D)
  6 hellions (D)
8 creatures vanquished.

Grand Total: 16 creatures vanquished

Notes
Turn   | Place    | Note
-------+----------+-------------------------------------------
     0 | D        | Kidiri the Deep Elf Fire Elementalist began the quest for the Orb.
     0 | D        | Reached XP level 1. HP: 10/10 MP: 6/6
     4 | D        | Reached skill level 4 in Spellcasting
    46 | D        | Noticed Jessica
    50 | D        | Killed Jessica
    50 | D        | Reached skill level 6 in Spellcasting
    50 | D        | Reached XP level 2. HP: 15/15 MP: 3/11
    50 | D        | Reached XP level 3. HP: 19/19 MP: 3/12
    54 | D        | Learned a level 2 spell: Throw Flame
    58 | D        | Learned a level 3 spell: Conjure Flame
    62 | D        | Learned a level 3 spell: Inner Flame
    64 | D        | Killed a hellion
   109 | D        | Killed a hellion
   110 | D        | Killed a hellion
   124 | D        | Killed a hellion
   127 | D        | Killed a hellion
   129 | D        | Noticed a scorpion
   136 | D        | Killed a scorpion
   136 | D        | Reached skill level 8 in Spellcasting
   136 | D        | Reached skill level 5 in Fire Magic
   136 | D        | Reached XP level 4. HP: 24/24 MP: 5/16
   142 | D        | Learned a level 4 spell: Sticky Flame
   151 | D        | Killed a hellion
   167 | D        | Gained mutation: Your body sometimes deteriorates upon taking damage. [potion of mutation]
   167 | D        | Gained mutation: Your mind is acute. (Int +2) [potion of mutation]
   168 | D        | Lost mutation: Your mind is acute. (Int +2) [potion of mutation]
   168 | D        | Lost mutation: Your body sometimes deteriorates upon taking damage. [potion of mutation]
   168 | D        | Gained mutation: Your flesh is cold resistant. (rC+) [potion of mutation]
   168 | D        | Gained mutation: Your magical capacity is low. (-10% MP) [potion of mutation]
   168 | D        | Gained mutation: You are partially covered in large bone plates. (SH +4) [potion of mutation]
   169 | D        | Lost mutation: Your magical capacity is low. (-10% MP) [potion of mutation]
   169 | D        | Lost mutation: You are partially covered in large bone plates. (SH +4) [potion of mutation]
   169 | D        | Gained mutation: You have a somewhat thin skeletal structure. (Dex +2, Stealth) [potion of mutation]
   169 | D        | Gained mutation: You are clumsy. (Dex -2) [potion of mutation]
   169 | D        | Lost mutation: You are clumsy. (Dex -2) [potion of mutation]
   169 | D        | Killed a white draconian scorcher
   170 | D        | Lost mutation: You have a somewhat thin skeletal structure. (Dex +2, Stealth) [potion of mutation]
   170 | D        | Lost mutation: Your flesh is cold resistant. (rC+) [potion of mutation]
   170 | D        | Gained mutation: You have a pair of small horns on your head. [potion of mutation]
   170 | D        | Gained mutation: You are weak. (Str -2) [potion of mutation]
   170 | D        | Gained mutation: Your flesh is cold resistant. (rC+) [potion of mutation]
   170 | D        | Gained mutation: You have a pair of horns on your head. [potion of mutation]
   175 | D        | Killed a white draconian scorcher
   213 | D        | Reached skill level 5 in Conjurations
   253 | D        | Noticed a water elemental
   255 | D        | Killed a water elemental
   255 | D        | Reached skill level 9 in Spellcasting
   255 | D        | Reached XP level 5. HP: 28/28 MP: 12/19
   302 | D        | Learned a level 5 spell: Fireball
   302 | D        | Found a radiant altar of Vehumet.
   304 | D        | Found a deep blue altar of Sif Muna.
   304 | D        | Found an ancient bone altar of Kikubaaqudgha.
   304 | D        | Reached skill level 10 in Spellcasting
   307 | D        | Noticed a ynoxinul
   322 | D        | Became a worshipper of Vehumet
   363 | D        | Found a glowing silver altar of Zin.
   364 | D        | Found a glowing golden altar of the Shining One.
   364 | D        | Found a white marble altar of Elyvilon.
   364 | D        | Noticed a deep elf mage
   366 | D        | Noticed a fire elemental
   368 | D        | Noticed a fire elemental
   368 | D        | Noticed a fire elemental
   368 | D        | Slain by a fire elemental

Vault maps used:
D:        dungeon_sprint_mu

Skill      XL: |  1  2  3  4  5 |
---------------+----------------+-----
Spellcasting   | 6 8 9 10 | 10.7
Conjurations   | 3 4 5 6 |  6.4
Fire Magic     | 4 5 6 7 |  7.0
Dodging        | |  2.4
Stealth        | |  2.4

Action                   |  1- 3 |  4- 6 || total
-------------------------+-------+-------++-------
 Cast: Flame Tongue      |    11 |     7 ||    18
       Throw Flame       |     1 |     2 ||     3
       Conjure Flame     |       |     1 ||     1
       Sticky Flame      |       |     3 ||     3
  Use: Potion            |       |     4 ||     4
       Scroll            |       |     3 ||     3
Armor: Robe              |       |     3 ||     3
Dodge: Dodged            |     2 |     2 ||     4

Table legend:
 A = Spawn XP
 B = Non-spawn XP
 C = Spawn XP percentage of total XP
 D = Spawn monster count
 E = Non-spawn monster count
 F = Spawn count percentage of total count
 G = Total turns spent on level
                    A         B        C        D         E        F      G
               +---------+---------+-------+---------+---------+-------+---------
         Total |       0 |     284 |   0.0 |       0 |       8 |   0.0 |   368
               +---------+---------+-------+---------+---------+-------+---------
             D |       0 |     284 |   0.0 |       0 |       8 |   0.0 |   368
               +---------+---------+-------+---------+---------+-------+---------
